 Dungeon Crawl Stone Soup version 0.20.1-1-g8b1a95d (webtiles) character file.

78964 Goboxel the Fighter (level 15, -7/136 HPs)
             Began as a White Draconian Monk on July 17, 2017.
             Was a High Priest of Sif Muna.
             Mangled by a dire elephant (glowing shapeshifter) (38 damage)
             ... on level 12 of the Dungeon.
             The game lasted 01:27:09 (33284 turns).

Goboxel the Fighter (White Draconian Monk)         Turns: 33284, Time: 01:27:10

Health: -7/136     AC: 16    Str: 18    XL:     15   Next: 19%
Magic:  12/26      EV: 22    Int: 15    God:    Sif Muna [*****.]
Gold:   2708       SH:  0    Dex: 19    Spells: 21/35 levels left

rFire    + . .     SeeInvis .   a - +5 great sword
rCold    + + .     Gourm    .   (shield currently unavailable)
rNeg     . . .     Faith    .   (armour unavailable)
rPois    +         Spirit   .   R - +2 hat
rElec    .         Reflect  .   x - scarf {rC+ rF+}
rCorr    +         Harm     .   O - +2 pair of gloves
MR       +....                  k - +1 pair of boots
Stlth    ++........             B - amulet of magic regeneration
Regen    0.4/turn               p - ring of resist corrosion
MPRegen  0.3/turn               y - ring of poison resistance

@: studying Polearms
A: breathe frost, unfitting armour, horns 1, agile 2, blink, cold resistance 1,
low mp 1, strong 2, cold-blooded, AC +9
a: Breathe Frost, Blink, Divine Energy, Channel Magic, Forget Spell, Renounce
Religion


You were on level 12 of the Dungeon.
You worshipped Sif Muna.
Sif Muna was extremely pleased with you.
You were very hungry.

You visited 4 branches of the dungeon, and saw 21 of its levels.
You also visited: Ossuary.

You collected 2708 gold pieces.

Inventory:

Hand Weapons
 a - a +5 great sword (weapon)
 i - a +0 great sword of holy wrath
 M - a +1 falchion of flaming
Armour
 k - a +1 pair of boots (worn)
 x - a scarf of resistance (worn)
 O - a +2 pair of gloves (worn)
 R - a +2 hat (worn)
Jewellery
 p - a ring of resist corrosion (left hand)
 y - a ring of poison resistance (right hand)
 B - an amulet of magic regeneration (around neck)
 D - an uncursed ring of protection from fire
 G - an uncursed ring of protection from cold
 K - a +5 ring of intelligence
Wands
 g - a wand of acid (11/15)
 m - a wand of digging (9/24)
 t - a wand of iceblast (2/15)
 X - a wand of paralysis (15/24)
Scrolls
 h - 13 scrolls of remove curse
 n - 2 scrolls of amnesia
 o - a scroll of fog
 s - a scroll of silence
 z - 3 scrolls of recharging
 H - a scroll of enchant weapon
 I - 4 scrolls of magic mapping
 L - a scroll of teleportation
 S - 6 scrolls of identify
Potions
 e - a potion of magic
 f - 9 potions of flight
 r - 2 potions of ambrosia
 w - 4 potions of curing
 A - 2 potions of brilliance
 C - 4 potions of cancellation
 P - a potion of invisibility
 W - a potion of haste
Books
 d - a book of Summonings

   Spells                             Type                      Level
   a - Recall                         Summoning/Translocation      3
   b - Aura of Abjuration             Summoning                    5
   c - Summon Demon                   Summoning                    5
   d - Summon Forest                  Summoning/Translocation      5
   e - Summon Mana Viper              Hexes/Summoning              5
   f - Shadow Creatures               Summoning                    6
 v - a manual of Polearms
 E - a book of Spatial Translocations

   Spells                             Type                      Level
   a - Blink                          Translocation                2
   b - Shroud of Golubria             Charms/Translocation         2
   c - Lesser Beckoning               Translocation                3
   d - Gell's Gravitas                Translocation                3
   e - Teleport Other                 Translocation                3
   f - Passage of Golubria            Translocation                4
 J - Sif Muna's Handbook of Congealing Feathers
   (Sif Muna gifted it to you on level 3 of the Lair of Beasts)

   Spells                             Type                      Level
   a - Shock                          Conjuration/Air              1
   b - Airstrike                      Air                          4
   c - Ice Form                       Ice/Transmutation            4
   d - Summon Ice Beast               Ice/Summoning                4
   e - Silence                        Hexes/Air                    5
   f - Bolt of Cold                   Conjuration/Ice              6
   g - Simulacrum                     Ice/Necromancy               6
 N - Sif Muna's Guide on Transmigration
   (Sif Muna gifted it to you on level 2 of the Orcish Mines)

   Spells                             Type                      Level
   a - Beastly Appendage              Transmutation                1
   b - Hydra Form                     Transmutation                6
 Q - a book of Battle

   Spells                             Type                      Level
   a - Infusion                       Charms                       1
   b - Shroud of Golubria             Charms/Translocation         2
   c - Song of Slaying                Charms                       2
   d - Spectral Weapon                Hexes/Charms                 3
   e - Regeneration                   Charms/Necromancy            3
 U - a book of Necromancy

   Spells                             Type                      Level
   a - Pain                           Necromancy                   1
   b - Animate Skeleton               Necromancy                   1
   c - Vampiric Draining              Necromancy                   3
   d - Regeneration                   Charms/Necromancy            3
   e - Animate Dead                   Necromancy                   4
   f - Control Undead                 Necromancy                   4
Miscellaneous
 F - a phial of floods
Comestibles
 b - 9 bread rations
 c - 24 royal jellies
 l - 26 fruits
 u - 7 meat rations


   Skills:
 + Level 13.3 Fighting
 + Level 12.4 Long Blades
 + Level 11.7 Dodging
 - Level 1.7 Stealth
 - Level 3.3 Unarmed Combat
 + Level 10.7 Spellcasting
 * Level 2.2 Conjurations
 - Level 8.6 Summonings
 - Level 5.7 Translocations
 - Level 9.0 Ice Magic


You had 21 spell levels left.
You knew the following spells:

 Your Spells              Type           Power        Failure   Level  Hunger
a - Blink                 Tloc           N/A          1%          2    None
b - Call Imp              Summ           ####....     1%          2    None
c - Summon Ice Beast      Ice/Summ       ####....     2%          4    ###....
d - Summon Demon          Summ           ####......   7%          5    #####..
e - Shock                 Conj/Air       ##..         5%          1    None


Dungeon Overview and Level Annotations

Branches:
Dungeon (12/15)            Temple (1/1) D:5            Lair (6/6) D:9
  Snake (0/4) Lair:2        Slime (0/5) Lair:6          Orc (2/2) D:9
    Elf (0/3) Orc:2
  Swamp: Lair:2-4    Shoals: Lair:2-4

Altars:
Ashenzari
Cheibriados
Dithmenos
Elyvilon
Fedhas
Gozag
Hepliaklqana
Kikubaaqudgha
Makhleb
Nemelex Xobeh
Okawaru
Qazlal
Ru
Sif Muna
Trog
Uskayaw
Vehumet
Xom
Yredelemnul
Zin
The Shining One

Shops:
D:6 [   Orc:1 }   Orc:2 ([(}


Innate Abilities, Weirdness & Mutations

You can breathe waves of freezing cold.
You can buffet flying creatures when you breathe cold.
Your icy white scales are hard. (AC +9)
You cannot fit into any form of body armour.
Your flesh is cold resistant. (rC+)
You are cold-blooded and may be slowed by cold attacks.
You have a pair of small horns on your head.
You are very agile. (Dex +4)
You can translocate small distances at will.
Your magical capacity is low. (-10% MP)
Your muscles are very strong. (Str +4)


Message History

The red devil barely misses you.
Unknown command.
You barely miss the red devil. Your headbutt misses the red devil.
The red devil hops backward while attacking.
The red devil completely misses you.
The red devil hops backward while attacking.
The red devil hits you but does no damage.
Okay, then.
Casting: Summon Ice Beast
Confirm with . or Enter, or press ? or * to list all spells.
You blink.
Your ufetubus hits the killer bee. Your ufetubus misses the killer bee.
The dire elephant tramples you!!
* * * LOW HITPOINT WARNING * * *
You hold your ground!
The dire elephant closely misses you.
Unknown command.
Casting: Blink
Confirm with . or Enter, or press ? or * to list all spells.
You blink.
The killer bee completely misses you. The dire elephant tramples you!!!
You die...

#........#.#)..#.......#
#..........#####.##+####
######'##..# #.##.#
##5##..# #.##.#
#..###... ..##.# #.##
##### # #.# ###'######
##.# # #...3....### #..#
#
#.....y@.'.#####.#######
#....5Y..#.............'
#..>.§.§.#######.#######
#######4## #.# # ###..#
#.# # #...## #.#
###'#### #.# #......#
#.# #......# #.#


You could see a dire elephant shaped shifter, a red devil, a killer bee, a
friendly ynoxinul and a friendly ufetubus.

Vanquished Creatures
  Josephine (Lair:5)
  The ghost of Energizer the Cleaver, a journeyman HOAK of Lugonu (D:10)
  Erolcha (D:9)
  2 hydras
  A death knight (D:11)
  An ogre mage (Orc:1)
  5 two-headed ogres
  An orc high priest (Orc:1)
  11 spriggans (Lair:6)
  10 orc knights
  2 orc sorcerers
  The ghost of harcile the Gusty, a novice DgAE (D:7)
  A cyclops (D:11)
  14 elephants
  Maurice (D:12)
  4 black mambas
  Joseph (D:8)
  2 guardian serpents
  Psyche (D:12)
  2 gargoyles
  9 spiny frogs
  A torpor snail (Lair:2)
  2 ice devils (Orc:2)
  6 rime drakes
  7 komodo dragons
  4 trolls
  4 hornets (Lair:6)
  4 polar bears (Lair:6)
  A queen bee (Lair:1)
  17 blink frogs
  Grinder (D:3)
  8 hippogriffs
  2 slime creatures (D:12)
  2 dream sheep (D:10)
  A vampire (D:11)
  3 wyverns
  7 wraiths
  26 yaks
  The ghost of Energizer the Chopper, an amateur HOAK of Lugonu (D:3)
  A basilisk (D:12)
  3 hungry ghosts
  A steam dragon (Lair:4)
  4 wargs
  The ghost of flt the Changer, an amateur OpTm of Cheibriados (D:4)
  13 water moccasins
  7 porcupines
  2 eyes of draining
  2 sky beasts
  2 hornet zombies
  A necrophage (D:11)
  19 orc warriors
  4 ice beasts
  3 phantoms
  5 black bears
  2 boggarts (Lair:6)
  19 wolves
  8 centaurs
  15 ogres
  7 big kobolds
  8 crocodiles
  12 bullfrogs
  A gnoll sergeant (D:9)
  13 scorpions
  33 killer bees
  9 wights
  5 howler monkeys
  7 crimson imps
  A quasit (D:10)
  3 centaur zombies
  5 hounds
  5 human zombies (Ossuary)
  12 orc priests
  A wyvern simulacrum (D:11)
  2 bullfrog skeletons (D:9)
  4 jellies
  2 centaur skeletons
  3 iguanas
  Natasha (thrice) (D:2)
  17 orc wizards
  14 worker ants
  A big kobold zombie (Ossuary)
  A hound zombie (D:8)
  3 mummies (Ossuary)
  2 worker ant zombies
  5 gnolls
  17 adders
  2 howler monkey skeletons (D:11)
  5 scorpion zombies (Ossuary)
  3 shadow imps
  3 oozes
  An adder zombie (D:5)
  3 adder skeletons
  3 worms
  A dart slug (D:2)
  5 leopard geckos
  63 orcs
  7 bats
  5 giant cockroaches
  6 hobgoblins
  10 jackals
  5 quokkas
  2 ball pythons
  2 frilled lizards (D:1)
  A gnoll zombie (Ossuary)
  5 goblins
  A jackal skeleton (D:4)
  A jackal zombie (D:7)
  15 kobolds
  A kobold zombie (Ossuary)
  4 orc zombies (Ossuary)
  2 quokka skeletons
  6 rats
  A butterfly (Lair:6)
  A fungus (Lair:6)
641 creatures vanquished.

Vanquished Creatures (collateral kills)
  Rupert (Orc:1)
  Gastronok (Lair:2)
  4 ogre magi (Orc:2)
  Harold (D:11)
  9 hydras
  10 two-headed ogres (Orc:2)
  An orc knight (D:9)
  A deep elf mage (D:10)
  An ugly thing (D:12)
  An orc sorcerer (Orc:1)
  2 elephants (Lair:5)
  A black mamba (Lair:6)
  2 spiny frogs
  A centaur skeleton (D:11)
  3 hornets (Lair:6)
  A troll (Orc:2)
  3 blink frogs
  A slime creature (D:12)
  2 dream sheep (Lair:6)
  3 spriggans (Lair:6)
  5 yaks
  2 basilisks (Lair:5)
  2 wargs
  2 water moccasins (Lair:6)
  A black bear (Lair:6)
  4 orc warriors (Orc:2)
  16 ogres
  An eye of draining (D:11)
  11 wolves
  A boggart (Lair:6)
  A crocodile (Lair:5)
  2 big kobolds (D:10)
  A bullfrog (D:11)
  A gnoll sergeant (D:9)
  An electric eel (Lair:4)
  3 orc priests
  3 orc wizards (Orc:2)
  An adder (D:10)
  23 orcs
  A jackal (D:11)
  2 kobolds (D:11)
133 creatures vanquished.

Vanquished Creatures (others)
  A wolf (Lair:4)
  A scorpion zombie (Ossuary)
  12 fungi
  7 plants
21 creatures vanquished.

Grand Total: 795 creatures vanquished

Notes
Turn   | Place    | Note
-------+----------+-------------------------------------------
     0 | D:1      | Goboxel the Draconian Monk began the quest for the Orb.
     0 | D:1      | Reached XP level 1. HP: 19/19 MP: 1/1
   239 | D:1      | Reached XP level 2. HP: 26/26 MP: 2/2
   882 | D:2      | Reached XP level 3. HP: 30/33 MP: 3/3
  1176 | D:2      | Noticed Natasha
  1186 | D:2      | Killed Natasha
  1186 | D:2      | Reached skill level 4 in Fighting
  1186 | D:2      | Reached XP level 4. HP: 29/40 MP: 4/4
  1353 | D:2      | Noticed Natasha
  1410 | D:2      | Killed Natasha
  1650 | D:2      | Noticed Natasha
  1662 | D:2      | Killed Natasha
  1758 | D:2      | Reached XP level 5. HP: 45/46 MP: 5/5
  1932 | D:3      | Noticed Grinder
  1942 | D:3      | Paralysed by Grinder for 4 turns
  2072 | D:3      | Noticed Energizer's ghost (amateur HOAK)
  2482 | D:3      | Paralysed by Grinder for 4 turns
  2555 | D:4      | Reached skill level 5 in Long Blades
  2579 | D:4      | Reached XP level 6. HP: 22/53 MP: 6/6
  2743 | D:4      | Noticed flt's ghost (amateur OpTm)
  2759 | D:4      | Found a sand-covered staircase.
  2766 | D:5      | Entered Level 5 of the Dungeon
  3034 | D:5      | Reached skill level 5 in Fighting
  3142 | Ossuary  | Entered an ossuary
  3230 | Ossuary  | Your scales start taking on an icy white colour.
  3230 | Ossuary  | Reached XP level 7. HP: 23/61 MP: 7/7
  3230 | Ossuary  | Gained mutation: Your flesh is cold resistant. (rC+) [White Draconian growth]
  3857 | Ossuary  | Reached skill level 6 in Fighting
  4312 | Ossuary  | Reached skill level 5 in Dodging
  4485 | Ossuary  | Reached XP level 8. HP: 54/71 MP: 8/8
  4625 | Ossuary  | Gained mutation: Your magical capacity is low. (-10% MP) [potion of mutation]
  4625 | Ossuary  | Gained mutation: You evolve. [potion of mutation]
  4819 | D:4      | Found a shimmering altar of Xom.
  4913 | D:4      | Reached skill level 7 in Fighting
  5455 | D:3      | Killed Energizer's ghost
  5691 | D:3      | Paralysed by Grinder for 5 turns
  5705 | D:3      | Gained mutation: You possess an exceptional clarity of mind. [evolution]
  6633 | D:5      | Reached skill level 1 in Spellcasting
  6633 | D:5      | Reached XP level 9. HP: 53/81 MP: 9/9
  7051 | D:5      | Found a staircase to the Ecumenical Temple.
  7057 | Temple   | Entered the Ecumenical Temple
  7399 | Temple   | Became a worshipper of Sif Muna the Loreminder
  7399 | Temple   | Reached * piety under Sif Muna
  7399 | Temple   | Reached ** piety under Sif Muna
  7458 | D:5      | Learned a level 2 spell: Blink
  7711 | D:6      | Gained mutation: Your muscles are strong. (Str +2) [evolution]
  7796 | D:6      | Reached skill level 1 in Translocations
  7954 | D:6      | Found Reothy's Antique Armour Emporium.
  8072 | D:6      | Learned a level 2 spell: Call Imp
  8252 | D:7      | Reached skill level 1 in Summonings
  8587 | D:7      | Noticed harcile's ghost (novice DgAE)
  8746 | D:7      | Killed harcile's ghost
  9150 | D:7      | Found a burning altar of Makhleb.
  9158 | D:7      | Found a glowing golden altar of the Shining One.
  9516 | D:8      | Reached skill level 1 in Unarmed Combat
  9531 | D:8      | Reached skill level 8 in Fighting
  9756 | D:8      | Noticed Joseph
  9911 | D:8      | Found a blossoming altar of Fedhas.
 10183 | D:8      | Reached *** piety under Sif Muna
 10571 | D:8      | Lost mutation: You possess an exceptional clarity of mind. [evolution]
 10667 | D:9      | Reached XP level 10. HP: 72/89 MP: 14/14
 10698 | D:9      | Noticed Erolcha
 10920 | D:9      | Noticed a two-headed ogre
 10927 | D:9      | Killed a two-headed ogre
 11128 | D:10     | Entered Level 10 of the Dungeon
 11141 | D:10     | Noticed Energizer's ghost (journeyman HOAK)
 11804 | D:9      | Reached skill level 9 in Fighting
 11873 | D:9      | Reached skill level 5 in Spellcasting
 12133 | D:9      | Found a staircase to the Lair.
 12377 | D:9      | Gained mutation: You are agile. (Dex +2) [evolution]
 12515 | D:9      | Killed Erolcha
 12792 | D:9      | Found a staircase to the Orcish Mines.
 12915 | Lair:1   | Entered Level 1 of the Lair of Beasts
 12951 | Lair:1   | Noticed a spiny frog
 12963 | Lair:1   | Killed a spiny frog
 12963 | Lair:1   | Reached XP level 11. HP: 84/97 MP: 12/17
 13433 | D:9      | Reached **** piety under Sif Muna
 13778 | D:9      | Gained mutation: You have a pair of small horns on your head. [evolution]
 13845 | D:10     | Noticed a deep elf mage
 14327 | D:9      | Reached skill level 10 in Fighting
 14349 | Lair:1   | Reached skill level 5 in Summonings
 14972 | Lair:2   | Found a staircase to the Snake Pit.
 16190 | Lair:2   | Noticed Gastronok
 16293 | Lair:2   | Gained mutation: You are very agile. (Dex +4) [evolution]
 16307 | Lair:2   | Reached XP level 12. HP: 86/108 MP: 20/20
 16394 | D:8      | Killed Joseph
 16548 | D:4      | Killed flt's ghost
 16583 | D:3      | Killed Grinder
 16769 | Lair:3   | Found a sacrificial altar of Ru.
 16785 | Lair:3   | Reached skill level 10 in Long Blades
 16879 | Lair:3   | Reached skill level 11 in Fighting
 17228 | Lair:3   | Gained mutation: Your muscles are very strong. (Str +4) [evolution]
 17949 | Lair:4   | Noticed a five-headed hydra
 17949 | Lair:4   | Noticed a four-headed hydra
 18052 | Lair:4   | Reached ***** piety under Sif Muna
 18095 | Lair:4   | Noticed a catoblepas
 18338 | Lair:3   | Identified Sif Muna's Handbook of Congealing Feathers (Sif Muna gifted it to you on level 3 of the Lair of Beasts)
 18338 | Lair:3   | Received a gift from Sif Muna
 18356 | Lair:3   | Learned a level 4 spell: Summon Ice Beast
 18483 | Lair:2   | Killed Gastronok
 18740 | Orc:1    | Entered Level 1 of the Orcish Mines
 19145 | Orc:1    | Noticed an ogre mage
 19146 | Orc:1    | Noticed an orc high priest
 19159 | Orc:1    | Killed an orc high priest
 19183 | D:9      | Reached skill level 10 in Dodging
 19405 | Orc:1    | Killed an ogre mage
 19639 | D:10     | Killed Energizer's ghost
 19639 | D:10     | Reached XP level 13. HP: 89/116 MP: 16/22
 20022 | D:10     | Reached skill level 5 in Ice Magic
 21815 | Lair:4   | Reached skill level 12 in Fighting
 22613 | Lair:5   | Gained mutation: You can translocate small distances at will. [evolution]
 22613 | Lair:5   | Lost mutation: You evolve. [end of evolution]
 22951 | Lair:5   | Noticed Josephine
 23209 | Lair:5   | Killed Josephine
 24032 | Lair:6   | Entered Level 6 of the Lair of Beasts
 24692 | Lair:6   | Received a gift from Sif Muna
 24926 | Lair:6   | Reached XP level 14. HP: 71/127 MP: 9/24
 25329 | Lair:6   | Reached skill level 5 in Translocations
 25942 | Lair:6   | Found a staircase to the Slime Pits.
 27185 | Lair:5   | Learned a level 2 spell: Blink
 27542 | D:9      | Reached skill level 10 in Spellcasting
 28236 | Orc:1    | Found Gydetam's Gadget Shoppe.
 28407 | Orc:1    | Learned a level 5 spell: Summon Demon
 28413 | Orc:2    | Entered Level 2 of the Orcish Mines
 28450 | Orc:2    | Found a frozen archway.
 29099 | Orc:2    | Noticed Rupert
 29421 | Orc:1    | Killed Rupert
 29832 | Orc:2    | Found a staircase to the Elven Halls.
 30291 | Orc:2    | Identified Sif Muna's Guide on Transmigration (Sif Muna gifted it to you on level 2 of the Orcish Mines)
 30291 | Orc:2    | Received a gift from Sif Muna
 30664 | Orc:2    | Reached skill level 13 in Fighting
 30928 | Orc:2    | Found Epsukimo's Armour Boutique.
 30928 | Orc:2    | Found Biowydie's Weapon Shoppe.
 30929 | Orc:2    | Found Niexiu's Gadget Emporium.
 30929 | Orc:2    | Found Zukkaisoss's Antique Weapon Boutique.
 31571 | D:11     | Reached XP level 15. HP: 135/135 MP: 26/26
 31713 | D:11     | Learned a level 1 spell: Shock
 32052 | D:11     | Noticed Harold
 32059 | D:11     | Killed Harold
 32379 | D:11     | Reached skill level 1 in Conjurations
 32455 | D:12     | Found a snail-covered altar of Cheibriados.
 32875 | D:12     | Noticed Maurice
 32885 | D:12     | Killed Maurice
 33019 | D:12     | Noticed Psyche
 33027 | D:12     | Killed Psyche
 33273 | D:12     | Noticed a frost giant
 33273 | D:12     | a dire elephant changed into a frost giant
 33274 | D:12     | a frost giant changed into a dire elephant
 33284 | D:12     | Mangled by a dire elephant (glowing shapeshifter)

Skill      XL: |  1  2  3  4  5  6  7  8  9 10 11 12 13 14 15 |
---------------+----------------------------------------------+-----
Dodging        | 3 4 5 6 7 8 9 10 11 | 11.7
Fighting       | 4 5 6 7 8 9 10 11 12 13 | 13.3
Long Blades    | 4 5 6 8 9 10 11 12 | 12.4
Spellcasting   | 1 4 5 7 8 9 10 | 10.7
Translocations | 1 3 4 5 |  5.7
Summonings     | 4 6 7 8 |  8.6
Unarmed Combat | 2 3 |  3.3
Ice Magic      | 4 8 9 |  9.0
Conjurations   | 2 |  2.2
Stealth        | |  1.7

Action                   |  1- 3 |  4- 6 |  7- 9 | 10-12 | 13-15 || total
-------------------------+-------+-------+-------+-------+-------++-------
Melee: Falchion          |    86 |   239 |   501 |       |    23 ||   849
       Tailslap          |    13 |    35 |   104 |   126 |   192 ||   470
       Unarmed           |       |    14 |       |       |       ||    14
       Great sword       |       |       |    62 |   489 |   734 ||  1285
       Headbutt          |       |       |       |   104 |   280 ||   384
       Punch             |       |       |       |       |     1 ||     1
 Cast: Call Imp          |       |       |     6 |    38 |       ||    44
       Blink             |       |       |     1 |     7 |     9 ||    17
       Summon Ice Beast  |       |       |       |    13 |   173 ||   186
       Summon Demon      |       |       |       |       |    26 ||    26
       Shock             |       |       |       |       |     1 ||     1
Invok: Channel Magic     |       |       |       |     1 |       ||     1
       Forget Spell      |       |       |       |       |     1 ||     1
 Abil: Breathe Frost     |       |       |    15 |    11 |    23 ||    49
Evoke: Wand              |       |     3 |    10 |    11 |     2 ||    26
  Use: Potion            |       |     5 |     3 |     3 |     3 ||    14
       Scroll            |       |     5 |    13 |     9 |     7 ||    34
 Stab: Sleeping          |     5 |     2 |     7 |     3 |     5 ||    22
       Invisible         |       |       |     3 |       |       ||     3
       Distracted        |       |       |       |     4 |    11 ||    15
  Eat: Chunk             |       |     8 |    13 |    27 |    41 ||    89
       Meat ration       |       |       |     3 |     1 |     6 ||    10
       Royal jelly       |       |       |     1 |       |       ||     1
       Fruit             |       |       |       |     4 |     3 ||     7
Armor: Skin              |    35 |    56 |   114 |   152 |   313 ||   670
Dodge: Dodged            |    73 |   183 |   365 |   682 |  1101 ||  2404
       Rpst.: Falchion   |    25 |    45 |    91 |       |     7 ||   168
       Great sword       |       |       |    12 |   220 |   276 ||   508
